 Dungeon Crawl Stone Soup version 0.25-a0-942-g87a53962fc (webtiles) character file.

Game seed: 17738470558974567453, levelgen mode: deterministic

33145 tilp the Sharpshooter (level 14, 0/96 HPs)
             Began as a Kobold Arcane Marksman on May 6, 2020.
             Was the Champion of Okawaru.
             Slain by a death yak (26 damage)
             ... on level 6 of the Lair of Beasts.
             The game lasted 01:05:51 (24901 turns).

tilp the Sharpshooter (Kobold Arcane Marksman)     Turns: 24901, Time: 01:05:52

Health: 0/96       AC: 15    Str: 13    XL:     14   Next: 6%
Magic:  20/20      EV: 28    Int: 32    God:    Okawaru [******]
Gold:   616        SH:  0    Dex: 20    Spells: 5/21 levels left

rFire    . . .     SeeInvis .   L - +4 triple crossbow "Rafowaqo" {freeze, Int+7}
rCold    + . .     Gourm    .   (shield currently unavailable)
rNeg     + . .     Faith    +   H - +1 leather armour of Agnosticism {Int+2} (curse)
rPois    .         Spirit   .   F - +2 helmet
rElec    .         Reflect  .   p - +1 cloak
rCorr    .         Harm     .   h - +1 pair of gloves
MR       +....                  w - +2 pair of boots {Stlth+}
Stlth    +++++.....             t - amulet "Souleo" {Faith rN+ Int+4 Dex+4}
HPRegen  0.66/turn              W - ring of protection from cold
MPRegen  0.17/turn              Y - +4 ring of intelligence

@: heroism
A: small, carnivore, regeneration 1, robust 1, strong 1, wild magic 1
a: Heroism, Finesse, Renounce Religion


You were on level 6 of the Lair of Beasts.
You worshipped Okawaru.
Okawaru was exalted by your worship.
You were very full.

You visited 3 branches of the dungeon, and saw 17 of its levels.
You also visited: Trove.

You collected 964 gold pieces.
You spent 348 gold pieces at shops.

Inventory:

Hand Weapons
 a - a +5 arbalest of flaming
 b - the +11 rapier "Nuxip" {flame, rElec Int+3}
   (You found it in a treasure trove)

   It has been specially enchanted to burn those struck by it, causing extra
   injury to most foes and up to half again as much damage against particularly
   susceptible opponents.
   It affects your intelligence (+3).
   It insulates you from electricity.
 L - the +4 triple crossbow "Rafowaqo" (weapon) {freeze, Int+7}
   (You found it in a treasure trove)

   It causes projectiles fired from it to freeze those they strike, causing
   extra injury to most foes and up to half again as much damage against
   particularly susceptible opponents.
   They can also slow down cold-blooded creatures.
   It affects your intelligence (+7).
 P - a +2 scimitar of flaming
Missiles
 d - 141 bolts (quivered)
 m - 9 curare-tipped darts
 E - a throwing net {!f}
 Q - 5 boomerangs
 T - 67 poisoned darts
Armour
 h - a +1 pair of gloves (worn)
 p - a +1 cloak (worn)
 w - a +2 pair of boots of stealth (worn)
 F - a +2 helmet (worn)
 H - the cursed +1 leather armour of Agnosticism (worn) {Int+2}
   (You bought it in a shop on level 8 of the Dungeon)

   It affects your intelligence (+2).
   It has a curse placed upon it.
 U - +1 acid dragon scales
Jewellery
 j - an uncursed ring of resist corrosion
 t - the amulet "Souleo" (around neck) {Faith rN+ Int+4 Dex+4}
   (You found it in a treasure trove)

   [amulet of faith]

   It allows you to gain divine favour quickly.
   It affects your intelligence (+4).
   It affects your dexterity (+4).
   It protects you from negative energy.
 B - the amulet "Ukorr" {RegenMP *Drain rPois Int+4 Dex+3}
   (You found it in a treasure trove)

   [amulet of magic regeneration]

   It increases your magic regeneration.
   It affects your intelligence (+4).
   It affects your dexterity (+3).
   It protects you from poison.
   It causes draining when unequipped.
 C - the amulet of Boash {Acrobat rF+ rC++ MP+9 Slay-5}
   (You found it in a treasure trove)

   [amulet of the acrobat]

   It helps you evade while moving and waiting.
   It affects your accuracy and damage with ranged weapons and melee attacks
   (-5).
   It protects you from fire.
   It greatly protects you from cold.
   It affects your magic capacity (+9).
 D - a +4 amulet of reflection
 V - the amulet "Weguosuy" {RegenMP rC++ Stlth+}
   (You found it on level 10 of the Dungeon)

   [amulet of magic regeneration]

   It increases your magic regeneration.
   It greatly protects you from cold.
   It makes you more stealthy.
 W - a ring of protection from cold (left hand)
 Y - a +4 ring of intelligence (right hand)
Wands
 i - a wand of flame (35)
 q - a wand of acid (9)
 s - a wand of iceblast (16)
 y - a wand of digging (15)
 S - a wand of scattershot (6)
Scrolls
 e - a scroll of summoning
 g - 2 scrolls of enchant weapon
 k - 3 scrolls of amnesia
 n - 13 scrolls of teleportation
 v - 7 scrolls of remove curse
 z - 2 scrolls of blinking
 M - a scroll of vulnerability {unknown}
 Z - a scroll of magic mapping
Potions
 f - 4 potions of mutation
 l - 4 potions of haste
 r - 3 potions of stabbing
 u - 4 potions of might
 x - 6 potions of curing
 G - a potion of flight
 I - a potion of brilliance
 J - 2 potions of berserk rage
 K - 3 potions of resistance
 N - a potion of ambrosia {unknown}
 X - a potion of magic {unknown}
Miscellaneous
 O - a box of beasts
 R - a lightning rod (4/4)
Comestibles
 c - 30 rations


   Skills:
 - Level 10.0(15.0) Fighting
 + Level 17.6(22.6) Crossbows
 - Level 10.0(15.0) Dodging
 - Level 4.0(9.0) Stealth
 - Level 4.0 Spellcasting
 - Level 8.0 Hexes
 - Level 8.0 Invocations
 - Level 4.0 Evocations


You had 5 spell levels left.
You knew the following spells:

 Your Spells              Type           Power        Failure   Level  Hunger
a - Corona                Hex            ######.      1%          1    None
b - Slow                  Hex            ######..     1%          2    None
c - Portal Projectile     Hex/Tloc       #####.       7%          3    ##.....
d - Cause Fear            Hex            ######....   4%          4    ####...
e - Leda's Liquefaction   Hex/Erth       #####.....   19%         4    ####...
f - Blink                 Tloc           N/A          16%         2    None

Your spell library contained the following spells:

 Spells                   Type           Power        Failure   Level  Hunger
 Inner Flame              Hex/Fire       #####...     7%          3    ##.....
 Magic Dart               Conj           #...         11%         1    None
 Call Imp                 Summ           #.......     16%         2    None
 Conjure Flame            Conj/Fire      #.......     28%         3    ##.....
 Lesser Beckoning         Tloc           #.........   28%         3    ##.....
 Mephitic Cloud           Conj/Pois/Air  #.......     28%         3    ##.....
 Iskenderun's Mystic Bla  Conj/Tloc      #.......     65%         4    ####...
 Passage of Golubria      Tloc           N/A          65%         4    ####...
 Iskenderun's Battlesphe  Conj/Chrm      #.......     92%         5    #####..


Dungeon Overview and Level Annotations

Branches:
Dungeon (10/15)            Temple (1/1) D:7            Lair (6/6) D:10
  Swamp (0/4) Lair:2        Snake (0/4) Lair:2        Slime (0/5) Lair:5
    Orc (0/2) D:9

Altars:
Ashenzari
Cheibriados
Dithmenos
Elyvilon
Fedhas
Gozag
Hepliaklqana
Kikubaaqudgha
Makhleb
Nemelex Xobeh
Okawaru
Qazlal
Ru
Sif Muna
Trog
Uskayaw
Vehumet
Wu Jian
Xom
Yredelemnul
Zin
The Shining One
Jiyva

Shops:
D:7 (   D:8 [}[[:

Annotations:
D:9 exclusion: obsidian statue
Lair:2 3 runed translucent doors, mortelune's ghost, journeyman CeHu
Lair:3 1 runed translucent door
Lair:4 Nessos
Lair:6 2 transporters, 2 exclusions, kae's ghost, journeyman MfIE


Innate Abilities, Weirdness & Mutations

You are small and have problems with some larger weapons.
You are carnivorous and can eat meat at any time.
Your natural rate of healing is unusually fast.
You are robust. (+10% HP)
Your muscles are strong. (Str +2)
Your spells are a little harder to cast, but a little more powerful.


Message History

The death yak closely misses you.
The water moccasin moves out of view.
Firing (i - inventory. (/) - cycle)
d - 144 bolts (quivered)
Press: ? - help, Shift-Dir - straight line, f/p - death yak
Aim: a death yak (severely wounded)
You shoot a bolt. The bolt barely misses the death yak.
The death yak misses you.
Firing (i - inventory. (/) - cycle)
d - 143 bolts (quivered)
Press: ? - help, Shift-Dir - straight line, f/p - death yak
Aim: a death yak (severely wounded)
You shoot a bolt. The bolt hits the death yak!
The bolt freezes the death yak.
The death yak is severely wounded.
The death yak gores you!
* * * LOW HITPOINT WARNING * * *
Firing (i - inventory. (/) - cycle)
d - 142 bolts (quivered)
Press: ? - help, Shift-Dir - straight line, f/p - death yak
Aim: a death yak (severely wounded)
You shoot a bolt. The bolt hits the death yak!
The bolt freezes the death yak.
The death yak is almost dead.
The death yak gores you!!
You die...

#.Y## #..# #..##
##P..## #(....#
##..### #.(.#
#.SY## ##..#@#
#(P.### #P...#
##..## #..#######
##†P#....###
##..##P.......
#....#........#.
###..P.........P.
###


You could see a death yak and a water moccasin.

Vanquished Creatures
  2 hydras
  Erica (D:8)
  5 death yaks (Lair:6)
  A wolf spider (Lair:6)
  6 elephants (Lair:6)
  Joseph (D:7)
  8 spiny frogs
  6 black mambas
  4 rime drakes
  Maggie (D:8)
  6 komodo dragons
  A hornet (D:9)
  A polar bear (Lair:6)
  11 blink frogs
  5 dream sheep (Lair:5)
  2 hippogriffs
  A vampire (D:10)
  A spriggan (Lair:2)
  17 yaks
  9 wyverns
  A redback (Lair:6)
  3 hogs (D:7)
  A human (D:7)
  A golden eye (D:5)
  A hungry ghost (D:10)
  8 water moccasins
  8 porcupines
  3 black bears
  3 ice beasts
  An orc warrior (D:9)
  A necrophage (D:10)
  7 ogres
  An eye of draining (D:10)
  12 wolves
  3 centaurs
  9 crocodiles
  Blork the orc (D:4)
  16 bullfrogs
  2 wyvern skeletons (D:10)
  4 scorpions
  9 wights
  6 electric eels
  6 howler monkeys
  4 crimson imps
  2 centaur zombies
  2 jellies (D:7)
  3 bullfrog skeletons
  5 hounds
  A quasit (D:5)
  12 orc priests
  2 centaur skeletons
  13 orc wizards
  Jessica (D:3)
  A gnoll shaman (D:6)
  Ijyb (D:5)
  Terence (D:2)
  4 iguanas
  5 worker ants
  Natasha (thrice) (D:4)
  A killer bee zombie (D:10)
  A hound zombie (D:6)
  A hound skeleton (D:6)
  13 gnolls
  15 adders
  4 oozes
  An adder skeleton (D:6)
  An adder zombie (D:7)
  4 worms
  4 dart slugs
  4 leopard geckos
  33 orcs
  5 bats
  4 giant cockroaches
  10 goblins
  7 hobgoblins
  8 jackals
  4 quokkas
  4 ball pythons
  3 frilled lizards
  A goblin skeleton (D:4)
  2 hobgoblin zombies (D:4)
  8 kobolds
  4 kobold skeletons (D:4)
  2 kobold zombies (D:4)
  2 orc skeletons (D:4)
  3 orc zombies (D:4)
  2 quokka skeletons
  10 rats
  A spectral orc (D:2)
  A fungus (Lair:6)
  5 plants
424 creatures vanquished.

Vanquished Creatures (others)
  A gnoll (D:7)
  A bush (Lair:4)
  62 fungi
  50 plants
114 creatures vanquished.

Grand Total: 538 creatures vanquished

Notes
Turn   | Place    | Note
-------+----------+-------------------------------------------
     0 | D:1      | tilp the Kobold Arcane Marksman began the quest for the
                  | Orb.
     0 | D:1      | Reached XP level 1. HP: 12/12 MP: 2/2
   301 | D:1      | Reached XP level 2. HP: 17/17 MP: 1/3
   305 | D:1      | Learned a level 2 spell: Slow
   532 | D:1      | Reached XP level 3. HP: 16/23 MP: 4/4
  1430 | D:2      | Noticed Terence
  1594 | D:2      | Reached XP level 4. HP: 29/29 MP: 5/5
  2896 | D:3      | Reached XP level 5. HP: 31/33 MP: 6/8
  2973 | D:3      | Found a shimmering blue altar of Sif Muna.
  3347 | D:3      | Noticed Jessica
  3357 | D:3      | Killed Jessica
  3793 | D:3      | Reached XP level 6. HP: 38/38 MP: 9/9
  4057 | D:4      | Noticed an ogre
  4082 | D:4      | Killed an ogre
  4082 | D:4      | Reached skill level 5 in Hexes
  4216 | D:4      | Noticed an ogre
  4237 | D:4      | Killed an ogre
  4237 | D:4      | Reached XP level 7. HP: 43/43 MP: 8/10
  4259 | D:4      | Reached skill level 3 in Crossbows
  4636 | D:4      | Found a glowing golden altar of the Shining One.
  4724 | D:4      | Reached skill level 4 in Crossbows
  5167 | D:4      | Noticed Blork the orc
  5182 | D:4      | Reached skill level 5 in Crossbows
  5367 | D:4      | Noticed Natasha
  5377 | D:4      | Killed Natasha
  5765 | D:5      | Entered Level 5 of the Dungeon
  5844 | D:5      | Noticed Ijyb
  5869 | D:5      | Killed Ijyb
  5944 | D:5      | Found a glowing silver altar of Zin.
  5992 | D:5      | Reached skill level 6 in Crossbows
  6058 | D:5      | Reached skill level 1 in Stealth
  6058 | D:5      | Reached XP level 8. HP: 39/48 MP: 9/11
  6239 | D:5      | Found a hide-covered altar of Uskayaw.
  6488 | D:4      | Noticed Natasha
  6494 | D:4      | Killed Natasha
  6745 | D:4      | Noticed Natasha
  6749 | D:4      | Killed Natasha
  6784 | D:5      | Found a glowing golden altar of the Shining One.
  6864 | D:5      | Gained mutation: You evolve. [potion of mutation]
  6864 | D:5      | Gained mutation: You are robust. (+10% HP) [potion of
                  | mutation]
  7792 | D:5      | Reached skill level 5 in Fighting
  7922 | D:6      | Identified the Papyrus of Spatial Confrontation
  8329 | D:6      | Identified the +8 falchion "Hydraslayer" {antimagic, *Noise
                  | rElec rN++ Str+3}
  8456 | D:5      | Reached skill level 5 in Dodging
  8772 | D:5      | Reached XP level 9. HP: 48/60 MP: 10/12
  9119 | D:5      | Reached skill level 1 in Evocations
  9580 | D:6      | Reached skill level 7 in Crossbows
  9835 | D:6      | Gained mutation: Your natural rate of healing is unusually
                  | fast. [evolution]
  9970 | D:6      | Reached skill level 8 in Crossbows
 10980 | D:7      | Reached skill level 9 in Crossbows
 11053 | D:7      | Noticed Joseph
 11078 | D:7      | Killed Joseph
 11078 | D:7      | Reached skill level 10 in Crossbows
 11078 | D:7      | Reached XP level 10. HP: 64/66 MP: 4/13
 11335 | D:7      | Found a staircase to the Ecumenical Temple.
 11344 | Temple   | Entered the Ecumenical Temple
 11453 | Temple   | Became a worshipper of Warmaster Okawaru
 11645 | D:7      | Found Qemnup's Weapon Shoppe.
 12520 | D:7      | Reached * piety under Okawaru
 12811 | D:2      | Killed Terence
 12894 | D:2      | Found a basalt altar of Yredelemnul.
 13169 | D:4      | Killed Blork the orc
 13484 | D:8      | Reached skill level 1 in Invocations
 13503 | D:8      | Noticed Maggie
 13517 | D:8      | Killed Maggie
 13534 | D:8      | Reached ** piety under Okawaru
 13691 | D:8      | Found a blossoming altar of Fedhas.
 13694 | D:8      | Found a burning altar of Makhleb.
 13694 | D:8      | Found a radiant altar of Vehumet.
 13700 | D:8      | Found Hoyfethri's Book Shop.
 13892 | D:8      | Found Ceiril's Antique Armour Shop.
 14013 | D:8      | Noticed Erica
 14051 | D:8      | Found an opulent altar of Gozag.
 14114 | D:8      | Found Ikimeymn's Gadget Shoppe.
 14114 | D:8      | Found Ciwnir's Antique Armour Emporium.
 14129 | D:8      | Bought a pair of runed boots for 180 gold pieces
 14129 | D:8      | Bought a heavily runed leather armour for 168 gold pieces
 14129 | D:8      | Identified the cursed +1 leather armour of Agnosticism
                  | {Int+2} (You bought it in a shop on level 8 of the Dungeon)
 14138 | D:8      | Gained mutation: Your spells are a little harder to cast,
                  | but a little more powerful. [evolution]
 14308 | D:8      | Found a stormy altar of Qazlal.
 14319 | D:8      | Found Lottipno's Antique Armour Shoppe.
 14332 | D:8      | Got a brightly glowing flail
 14643 | D:8      | Killed Erica
 14643 | D:8      | Reached XP level 11. HP: 51/75 MP: 4/14
 14743 | D:8      | Found an ornate altar of the Wu Jian Council.
 14811 | D:9      | Noticed an obsidian statue
 14886 | D:9      | Found a shimmering altar of Xom.
 14950 | D:9      | Paralysed by a hornet for 2 turns
 15291 | D:9      | Found a shattered altar of Ashenzari.
 15714 | D:9      | Found a staircase to the Orcish Mines.
 15907 | D:10     | Entered Level 10 of the Dungeon
 16069 | D:10     | Reached *** piety under Okawaru
 16069 | D:10     | Reached skill level 5 in Invocations
 16087 | D:10     | Reached skill level 10 in Dodging
 16324 | D:10     | Got a fine sapphire amulet
 16649 | D:10     | Found a portal to a secret trove of treasure.
 16677 | Trove    | Entered a treasure trove
 16708 | Trove    | Got a bound sapphire amulet
 16710 | Trove    | Got a sparkling copper amulet
 16712 | Trove    | Got a bound diamond amulet
 16734 | Trove    | Got a smoking triple crossbow
 16736 | Trove    | Got a brightly glowing rapier
 16782 | D:10     | Identified the amulet "Souleo" {Faith rN+ Int+4 Dex+4} (You
                  | found it in a treasure trove)
 16783 | D:10     | Identified the amulet "Ukorr" {RegenMP *Drain rPois Int+4
                  | Dex+3} (You found it in a treasure trove)
 16784 | D:10     | Identified the amulet of Boash {Acrobat rF+ rC++ MP+9
                  | Slay-5} (You found it in a treasure trove)
 16785 | D:10     | Identified the amulet "Weguosuy" {RegenMP rC++ Stlth+} (You
                  | found it on level 10 of the Dungeon)
 16840 | D:10     | Reached skill level 10 in Fighting
 16922 | D:10     | Found a staircase to the Lair.
 17081 | D:10     | Gained mutation: Your muscles are strong. (Str +2)
                  | [evolution]
 17081 | D:10     | Lost mutation: You evolve. [end of evolution]
 17613 | Lair:1   | Entered Level 1 of the Lair of Beasts
 18917 | Lair:1   | Reached XP level 12. HP: 52/84 MP: 6/18
 19543 | Lair:2   | Noticed Sonja
 19544 | Lair:2   | Noticed Sonja
 19544 | Lair:2   | Sonja changed into Sonja the ice beast
 19558 | Lair:2   | Killed Sonja the ice beast
 19771 | Lair:2   | Found a staircase to the Snake Pit.
 19873 | Lair:2   | Found a staircase to the Swamp.
 19921 | Lair:2   | Found a runed translucent gate.
 19921 | Lair:2   | Found a runed translucent gate.
 19921 | Lair:2   | Found a runed translucent gate.
 19921 | Lair:2   | Noticed mortelune's ghost (journeyman CeHu)
 19961 | Lair:2   | Identified the +4 triple crossbow "Rafowaqo" {freeze,
                  | Int+7} (You found it in a treasure trove)
 19972 | Lair:2   | Learned a level 3 spell: Portal Projectile
 19977 | Lair:2   | Learned a level 4 spell: Cause Fear
 19980 | Lair:2   | Learned a level 2 spell: Blink
 19985 | Lair:2   | Learned a level 4 spell: Leda's Liquefaction
 20745 | Lair:3   | Identified the +11 rapier "Nuxip" {flame, rElec Int+3} (You
                  | found it in a treasure trove)
 20891 | Lair:3   | Identified the +2 flail of Equivalence {freeze, rF+ rN+}
                  | (You found it on level 8 of the Dungeon)
 21112 | Lair:3   | Reached **** piety under Okawaru
 21334 | Lair:3   | Reached skill level 11 in Crossbows
 21400 | Lair:3   | Found a runed translucent door.
 21486 | Lair:3   | Noticed an eight-headed hydra
 21745 | Lair:4   | Received a gift from Okawaru
 21950 | Lair:4   | Reached skill level 12 in Crossbows
 22150 | Lair:4   | Noticed Nessos
 22593 | Lair:4   | Noticed a four-headed hydra
 22605 | Lair:4   | Killed a four-headed hydra
 22605 | Lair:4   | Reached ***** piety under Okawaru
 22692 | Lair:5   | Received a gift from Okawaru
 22726 | Lair:5   | Reached skill level 13 in Crossbows
 22817 | Lair:5   | Found a viscous altar of Jiyva.
 22818 | Lair:5   | Found a staircase to the Slime Pits.
 23008 | Lair:5   | Found a gate leading to a gauntlet.
 23028 | Lair:5   | Noticed a six-headed hydra
 23041 | Lair:5   | Killed a six-headed hydra
 23041 | Lair:5   | Reached XP level 13. HP: 41/90 MP: 19/19
 23065 | Lair:5   | Received a gift from Okawaru
 23065 | Lair:5   | Reached skill level 14 in Crossbows
 23597 | Lair:5   | Received a gift from Okawaru
 23737 | Lair:5   | Reached skill level 15 in Crossbows
 23747 | Lair:5   | Received a gift from Okawaru
 23900 | Lair:6   | Entered Level 6 of the Lair of Beasts
 24353 | Lair:6   | Reached skill level 16 in Crossbows
 24356 | Lair:6   | Received a gift from Okawaru
 24419 | Lair:6   | Found a transporter.
 24422 | Lair:6   | Found a bloodstained altar of Trog.
 24422 | Lair:6   | Identified the +9 trident "Dereuw" {antimagic, *Rage rPois
                  | rN+}
 24450 | Lair:6   | Noticed kae's ghost (journeyman MfIE)
 24454 | Lair:6   | Identified the +0 spear of Vanity {antimagic, *Rage rElec
                  | rF- Stlth+}
 24455 | Lair:6   | Received a gift from Okawaru
 24483 | Lair:6   | Found a transporter.
 24611 | Lair:6   | Received a gift from Okawaru
 24724 | Lair:6   | Reached skill level 17 in Crossbows
 24885 | Lair:6   | Reached XP level 14. HP: 54/96 MP: 18/20
 24893 | Lair:6   | Reached ****** piety under Okawaru
 24897 | Lair:6   | Received a gift from Okawaru
 24901 | Lair:6   | Slain by a death yak

Levels and vault maps discovered:
D:1:      dpeg_arrival_shrine, layout_basic, minmay_misc_feat_ornament
D:2:      layout_basic, yredelemnul_forgotten_temple_becter,
          minmay_misc_feat_five, serial_bayou_lagoon_a, uniq_terence
D:3:      layout_loops_corners, tgw_sif, uniq_jessica
D:4:      minmay_octagon_keep, layout_basic, serial_corexii_hall,
          corexii_hall_statues_u, chequers_hall_statues_y, first_ration,
          nicolae_tso_besieged_by_evil, uniq_blork_the_orc, uniq_natasha
D:5:      layout_rooms, kennysheep_mini, zin_academy, marbit_many_paths,
          uniq_ijyb
D:6:      kennysheep_six_static_rooms, layout_rooms, minmay_misc_feat_square
D:7:      layout_loops_ring, minmay_temple_entry_poolview, serial_shops, shop,
          grunt_livestock, uniq_joseph
D:8:      layout_rooms, lemuel_doored_altar, kennysheep_mini_moat,
          nicolae_overflow_quartered_altars, serial_shops, shop, shop,
          shop_fountains, shop_statue, nicolae_shop_crystal,
          serial_bayou_lagoon_b, uniq_erica, uniq_maggie
D:9:      layout_gridville, old_standard_altar, overflow_temple_1_default,
          orc_0_dummy, minmay_statue_bubble
D:10:     layout_basic, due_lair_maze_entry_diamond,
          nicolae_trove_entry_free_sample
Temple:   nicolae_temple_figure_zero
Lair:1:   layout_cave_pods, grunt_megastairs_2
Lair:2:   layout_concentric_octagons, swamp_mist_pool, dummy_snake_entry,
          gammafunk_ghost_necromancy, wad_woods_03, uniq_sonja
Lair:3:   layout_loops_ring, pf_torpor_hydra, grunt_megastairs_4,
          serial_bayou_shore_b
Lair:4:   layout_gridlike, wad_woods_06, serial_bayou_shore_b, uniq_nessos
Lair:5:   layout_regular_city, slime_altar_1, gauntlet_entry_generic,
          infiniplex_staircase_pool
Lair:6:   guppyfry_lair_end_dragon, layout_cave_pods,
          hangedman_lair_tendril_chambers, gammafunk_ghost_wrathful_warriors

Skill      XL: |  1  2  3  4  5  6  7  8  9 10 11 12 13 |
---------------+----------------------------------------+-----
Fighting       | 2 3 4 6 8 10 | 10.0
Spellcasting   | 2 3 4 |  4.0
Hexes          | 4 6 8 |  8.0
Crossbows      | 6 10 13 17 | 17.6
Stealth        | 1 4 |  4.0
Dodging        | 5 6 9 10 | 10.0
Evocations     | 4 |  4.0
Invocations    | 3 8 |  8.0

Action                   |  1- 3 |  4- 6 |  7- 9 | 10-12 | 13-15 || total
-------------------------+-------+-------+-------+-------+-------++-------
Melee: Whip              |    87 |       |       |       |       ||    87
       Rapier            |     9 |   107 |   244 |   194 |   129 ||   683
       Short sword       |       |       |    44 |       |       ||    44
       Falchion          |       |       |   100 |   539 |       ||   639
       Punch             |       |       |       |     1 |     1 ||     2
 Fire: Hand crossbow     |    20 |    68 |   206 |   129 |    12 ||   435
       Triple crossbow   |       |       |       |       |    88 ||    88
       Arbalest          |       |       |       |       |    35 ||    35
Throw: Dart              |       |       |       |     8 |     2 ||    10
 Cast: Corona            |    38 |    22 |    53 |    26 |    11 ||   150
       Slow              |       |     7 |    19 |    20 |     5 ||    51
Invok: Heroism           |       |       |       |     4 |     5 ||     9
Evoke: Wand              |       |       |     5 |     1 |       ||     6
  Use: Scroll            |     1 |     7 |     4 |    16 |     4 ||    32
       Potion            |       |       |     6 |       |     2 ||     8
 Stab: Sleeping          |     1 |     1 |     1 |    10 |       ||    13
       Invisible         |       |       |     6 |       |       ||     6
       Distracted        |       |       |     1 |       |       ||     1
  Eat: Chunk             |    12 |     8 |    26 |    43 |     6 ||    95
Armor: Robe              |    19 |    30 |       |    12 |       ||    61
       Leather armour    |       |     9 |   124 |   161 |    34 ||   328
Dodge: Dodged            |    71 |   136 |   431 |   753 |   266 ||  1657
       Rpst.: Falchion   |       |       |    36 |   144 |       ||   180

Table legend:
 A = Non-vault XP
 B = Vault XP
 C = Vault XP percentage of total XP
 D = Non-vault monster count
 E = Vault monster count
 F = Vault count percentage of total count
                 A         B        C        D         E       F
            +---------+---------+-------+---------+---------+-------
      Total |   36457 |   10893 |  23.0 |     341 |      78 |  18.6
            +---------+---------+-------+---------+---------+-------
        D:1 |      48 |       0 |   0.0 |      25 |       0 |   0.0
        D:2 |      68 |      37 |  35.2 |      18 |       2 |  10.0
        D:3 |      95 |      76 |  44.4 |      30 |       2 |   6.2
        D:4 |     500 |     405 |  44.8 |      22 |      22 |  50.0
        D:5 |    1062 |      70 |   6.2 |      25 |       2 |   7.4
        D:6 |     967 |     234 |  19.5 |      35 |       5 |  12.5
        D:7 |     701 |    1443 |  67.3 |      27 |       6 |  18.2
        D:8 |    1321 |    1307 |  49.7 |      27 |       2 |   6.9
        D:9 |    1022 |       0 |   0.0 |       9 |       0 |   0.0
       D:10 |    2130 |     896 |  29.6 |      21 |       9 |  30.0
     Lair:1 |    4287 |     151 |   3.4 |      14 |       1 |   6.7
     Lair:2 |    1390 |     353 |  20.3 |       7 |       2 |  22.2
     Lair:3 |     955 |     803 |  45.7 |       7 |       7 |  50.0
     Lair:4 |    2869 |    1209 |  29.6 |      17 |       2 |  10.5
     Lair:5 |    8811 |       0 |   0.0 |      35 |       0 |   0.0
     Lair:6 |   10231 |    3909 |  27.6 |      22 |      16 |  42.1
            +---------+---------+-------+---------+---------+-------
